 Dungeon Crawl Stone Soup version 0.31-a0-258-gd316b798dc (webtiles) character file.

Game seed: 18146747708577911696

111400 qw the Marksminotaur (level 16, -1/141 (157) HPs)
             Began as a Minotaur Hexslinger on July 13, 2023.
             Was a High Priest of Okawaru.
             Slain by a profane servitor
             ... wielding a +2 whip
              (3 damage)
             ... on level 2 of the Abyss.
             The game lasted 00:12:10 (26132 turns).

qw the Marksminotaur (Minotaur Hexslinger)         Turns: 26132, Time: 00:12:11

HP:   -1/141 (157)  AC: 11    Str: 15    XL:     16   Next: 9%
MP:   24/24         EV: 30    Int: 18    God:    Okawaru [*****.]
Gold: 2407          SH:  0    Dex: 24    Spells: 16/17 levels left

rFire   + . .        Y - +3 longbow (freeze)
rCold   + . .        (shield currently unavailable)
rNeg    . . .        h - +2 robe {rC+ rF+}
rPois   +            i - +2 hat
rElec   .            a - +0 cloak "Jigist" {Fly}
rCorr   .            r - +2 pair of gloves {Str+3}
SInv    +            (no boots)
Will    +....        k - amulet of faith
Stlth   +++          o - ring of Elitism {Drain rPois Int+4 SInv}
HPRegen 0.43/turn    j - +6 ring of dexterity
MPRegen 0.19/turn

%: faith
@: about to teleport, heroic, flying, wreathed by umbra, heavily drained
A: horns 2, retaliatory headbutt, clever 1, high MP 1, weak 1
a: Renounce Religion, Heroism, Finesse, Duel


You were on level 2 of the Abyss.
You worshipped Okawaru.
Okawaru was extremely pleased with you.
You visited 5 branches of the dungeon, and saw 26 of its levels.
You visited the Abyss 1 time.
You also visited: Gauntlet.

You collected 2806 gold pieces.
You spent 399 gold pieces at shops.


Innate Abilities, Weirdness & Mutations

You have a pair of horns on your head.
You reflexively headbutt those who attack you in melee.
Your mind is acute. (Int +4, Str/Dex -1)
You have an increased reservoir of magic. (+10% MP)
You are weak. (Str -2)


   Skills:
 + Level 17.9(22.9) Fighting
 - Level 20.0(25.0) Ranged Weapons
 - Level 5.0(10.0) Armour
 - Level 15.0(20.0) Dodging
 - Level 1.0 Spellcasting
 - Level 2.0 Hexes
 - Level 10.0 Invocations


You had 16 spell levels left.
You knew the following spells:

 Your Spells              Type           Power      Damage    Failure   Level
a - Slow                  Hex            32%        N/A       9%          1

Your spell library contained the following spells:

 Spells                   Type           Power      Damage    Failure   Level
 Inner Flame              Hex/Fire       4%         N/A       36%         3
 Portal Projectile        Hex/Tloc       8%         N/A       36%         3
 Cause Fear               Hex            4%         N/A       65%         4

Inventory:

Hand Weapons
 Y - a +3 longbow of freezing (weapon)
Armour
 a - the +0 cloak "Jigist" (worn) {Fly}
   (You found it in a Gauntlet)

   Fly:       It grants you flight.
 h - a +2 robe of resistance (worn)
 i - a +2 hat (worn)
 m - the +0 ring mail of Lagorph {-Tele rElec rN++ Regen+}
   (You found it on level 11 of the Dungeon)

   rElec:     It insulates you from electricity.
   rN:        It greatly protects you from negative energy.
   -Tele:     It prevents most forms of teleportation.
   Regen:     It increases your rate of health regeneration.
 p - the +3 hat of Pondering {ponderous, Will+ MP+10 Int+5}
   (You took it off Gastronok on level 12 of the Dungeon)

   Int:       It affects your intelligence (+5).
   MP:        It affects your magic capacity (+10).
   Will:      It increases your willpower.
 r - a +2 pair of gloves of strength (worn)
 s - a +1 cloak
 x - a +0 troll leather armour
Jewellery
 b - the ring of Saetunn {rF++ SInv}
   (You took it off a minotaur in a Gauntlet)

   [ring of see invisible]

   rF:        It greatly protects you from fire.
   SInv:      It lets you see invisible.
 e - a +5 ring of evasion
 j - a +6 ring of dexterity (right hand)
 k - an amulet of faith (around neck)
 n - an amulet of reflection
 o - the ring of Elitism (left hand) {Drain rPois Int+4 SInv}
   (You found it in a Gauntlet)

   [ring of see invisible]

   Int:       It affects your intelligence (+4).
   rPois:     It protects you from poison.
   SInv:      It lets you see invisible.
   Drain:     It drains your maximum health when unequipped.
 u - the ring "Nuqigh" {Wiz rPois rC+ Str-3}
   (You found it in a Gauntlet)

   [ring of wizardry]

   It improves your spell success rate.
   Str:       It affects your strength (-3).
   rC:        It protects you from cold.
   rPois:     It protects you from poison.
Wands
 t - a wand of digging (6)
Scrolls
 l - 14 scrolls of identify
Potions
 c - a potion of magic
 d - a potion of cancellation
 f - 5 potions of enlightenment
 g - 8 potions of curing
 w - 2 potions of might
 z - 2 potions of mutation

Dungeon Overview and Level Annotations

Branches:
Dungeon (15/15)            Temple (1/1) D:5            Lair (5/5) D:9
  Swamp (3/4) Lair:2       Spider (0/4) Lair:3        Slime (0/5) Lair:5
    Orc (2/2) D:9             Elf (0/3) Orc:2        Vaults (0/5) D:14
 Depths (0/4) D:15        Gauntlet (visited)

Altars:
Ashenzari
Cheibriados
Dithmenos
Elyvilon
Fedhas
Gozag
Hepliaklqana
Kikubaaqudgha
Makhleb
Nemelex Xobeh
Okawaru
Qazlal
Ru
Sif Muna
Trog
Uskayaw
Vehumet
Wu Jian
Xom
Yredelemnul
Zin
The Shining One
Jiyva

Shops:
D:2 ?([:[   D:3 [[*![   D:5 :   D:8 **   D:9 :   Orc:2 [[

Portals:
Trove: D:11 (give 7 potions of haste)

Annotations:
D:4 2 transporters, qw's ghost, amateur MiHs
Lair:5 2 runed translucent doors
Swamp:1 2 transporters
Swamp:3 Louise


Message History

You feel drained.
The thrashing horror completely misses you.
You furiously retaliate!
You headbutt the thrashing horror. The thrashing horror misses you.
You shoot an arrow.
The arrow closely misses the profane servitor.
The thrashing horror tramples you.
You hold your ground!
The thrashing horror completely misses you.
The profane servitor completely misses you.
You furiously retaliate!
You headbutt the profane servitor!
The profane servitor hits you with a +2 whip.
You shoot an arrow.
The arrow closely misses the profane servitor.
The profane servitor misses you.
The profane servitor hits you with a +2 whip.
You shoot an arrow.
The arrow barely misses the profane servitor.
The thrashing horror completely misses you.
You furiously retaliate!
You headbutt the thrashing horror!
The thrashing horror completely misses you.
The profane servitor completely misses you.
The profane servitor barely misses you.
You shoot an arrow. The arrow hits the profane servitor!!
The arrow freezes the profane servitor.
The profane servitor is almost destroyed.
The profane servitor hits you with a +2 whip!
The profane servitor draws strength from your injuries!
The profane servitor completely misses you.
The thrashing horror completely misses you.
You furiously retaliate!
You headbutt the thrashing horror!
The thrashing horror tramples you but does no damage.
You shoot an arrow.
The arrow completely misses the profane servitor.
The thrashing horror tramples you.
You hold your ground!
The thrashing horror completely misses you.
The profane servitor completely misses you.
You furiously retaliate!
You headbutt the profane servitor.
The profane servitor hits you with a +2 whip!
You feel drained.
You die...

. .. # # . .
..#. .#. .#.
.#. ..###.#
..##### ..#.#
..#...
.....#...###.
#.#..##......#
#....A......#
#. #@X## . ..
###....# ##
##...#... .
#.... . # .
...## . ..
##.## .#.. ..
. ... #.


You could see a profane servitor and a thrashing horror.

Vanquished Creatures
  A tentacled starspawn (Abyss:2)
  Gastronok (D:12)
  Kirke (D:13)
  2 fenstrider witches
  2 orc warlords
  A juggernaut skeleton (D:15)
  A minotaur (Gauntlet)
  Josephine (Lair:5)
  Fannar (D:11)
  10 hydras
  Erica (Lair:2)
  A catoblepas (Lair:5)
  8 centaur warriors
  6 boulder beetles
  5 two-headed ogres
  A death scarab (Gauntlet)
  2 alligators (Swamp:2)
  6 death yaks
  4 tengu warriors
  A vampire mage (D:15)
  An orc high priest (Orc:1)
  A sun demon (Gauntlet)
  A thrashing horror (Abyss:2)
  A skyshark (Lair:3)
  A storm dragon zombie (D:15)
  2 skeletal warriors (D:15)
  2 goliath frogs (Swamp:1)
  A death drake (Gauntlet)
  A deep troll (D:15)
  A spriggan druid (Swamp:1)
  3 swamp dragons
  A wizard (D:14)
  A spectral hydra (Gauntlet)
  A bog body (Swamp:2)
  2 lindwurms (Lair:5)
  3 deep elf pyromancers
  10 ugly things
  A necromancer (D:15)
  4 orc knights
  5 cyclopes
  4 orc sorcerers
  An iron dragon zombie (D:15)
  2 manticores (D:12)
  6 black mambas
  10 elephants
  2 eyes of devastation (shapeshifter)
  A centaur zombie (Gauntlet)
  A guardian serpent (Abyss:2)
  A torpor snail (Lair:5)
  2 gargoyles
  4 cane toads
  3 molten gargoyles (Lair:5)
  13 komodo dragons
  2 rime drakes
  A hellion (Gauntlet)
  An unseen horror (D:10)
  A tengu conjurer (D:14)
  A freezing wraith (D:14)
  A queen bee (D:12)
  3 meliai (D:12)
  2 bloated husks
  5 trolls
  2 polar bears (Lair:4)
  3 hornets
  A large abomination (Abyss:2)
  4 tyrant leeches
  26 blink frogs
  A spectral meliai (Gauntlet)
  An ettin zombie (D:15)
  2 jumping spiders (Lair:3)
  7 slime creatures
  A centaur simulacrum (D:15)
  3 vampires
  3 spriggans
  6 wraiths
  3 water elementals (D:14)
  4 hogs (D:13)
  30 yaks
  6 wyverns
  5 basilisks
  A human (D:13)
  3 redbacks (Lair:3)
  4 steam dragons
  31 vampire mosquitoes
  13 swamp worms
  6 wargs
  6 hell hounds
  2 acid dragons (D:8)
  11 water moccasins
  23 orc warriors
  A sky beast (D:7)
  2 ice beasts
  A swamp drake (Swamp:1)
  3 black bears
  4 ogres
  3 wolves (Lair:4)
  13 centaurs
  3 kobold brigands
  11 bullfrogs
  5 scorpions
  2 gnoll sergeants
  13 wights
  26 killer bees
  4 electric eels
  2 howler monkeys
  5 lava snakes (Lair:5)
  An iron imp (Abyss:2)
  2 jellies (D:6)
  28 orc priests
  2 sleepcaps (D:5)
  23 orc wizards
  4 iguanas
  14 gnolls
  8 adders
  A shadow imp (D:7)
  3 white imps
  2 ufetubi
  A worm (D:4)
  6 dart slugs
  94 orcs
  4 bats
  3 endoplasms
  6 giant cockroaches
  8 goblins
  6 hobgoblins
  6 jackals
  2 quokkas (D:4)
  14 ball pythons
  5 frilled lizards
  25 kobolds
  7 rats
  A starspawn tentacle (Abyss:2)
748 creatures vanquished.

Vanquished Creatures (others)
  An alligator (Swamp:1)
  An orc (Orc:2)
  5 foxfires (Swamp:3)
  A starspawn tentacle (Abyss:2)
8 creatures vanquished.

Grand Total: 756 creatures vanquished

Notes
Turn   | Place    | Note
-------+----------+-------------------------------------------
     0 | D:1      | qw the Minotaur Hexslinger began the quest for the Orb.
     0 | D:1      | Reached XP level 1. HP: 16/16 MP: 1/1
     0 | D:1      | 0 ||| qw: Version: 0.3-a-52-g30416fa
     0 | D:1      | 0 ||| qw: Game counter: 6825
     0 | D:1      | 0 ||| qw: Melee chars always use a shield: true
     0 | D:1      | 0 ||| qw: God list: Okawaru
     0 | D:1      | 0 ||| qw: Allow faded altars: false
     0 | D:1      | 0 ||| qw: Do Orc after clearing Dungeon:15 true
     0 | D:1      | 0 ||| qw: Do second Lair branch before Depths: true
     0 | D:1      | 0 ||| qw: Lair rune preference: random
     0 | D:1      | 0 ||| qw: Goals: Normal
     0 | D:1      | 0 ||| PLANNING D:1-11
   138 | D:1      | Reached skill level 3 in Ranged Weapons
   157 | D:1      | Reached XP level 2. HP: 23/23 MP: 2/2
   888 | D:1      | 888 ||| UPGRADING to +0 leather armour.
   898 | D:1      | 898 ||| DROPPING +0 robe.
   899 | D:1      | 899 ||| UPGRADING to +6 ring of strength.
   900 | D:1      | 900 ||| DROPPING +6 ring of intelligence.
   901 | D:1      | 901 ||| UPGRADING to +6 ring of dexterity.
   902 | D:1      | 902 ||| DROPPING scroll of poison.
   959 | D:2      | Found Fodapsicw's Weapon Emporium.
   987 | D:2      | Found Sohephom's Book Shoppe.
   995 | D:2      | Reached XP level 3. HP: 29/29 MP: 3/3
  1055 | D:2      | Found Byakhlor's Armour Shop.
  1073 | D:2      | Reached skill level 4 in Ranged Weapons
  1146 | D:2      | 1146 ||| BUYING +0 cloak (49 gold).
  1146 | D:2      | Bought a +0 cloak for 49 gold pieces
  1146 | D:2      | 1146 ||| SHOPLISTING +0 ring mail (44 gold, have 0).
  1146 | D:2      | 1146 ||| SHOPLISTING +1 hat of intelligence (176 gold, have
                  | 0).
  1146 | D:2      | 1146 ||| SHOPLISTING +1 pair of boots (126 gold, have 0).
  1271 | D:2      | Found Poebygg's Armour Emporium.
  1281 | D:2      | 1281 ||| SHOPLISTING +0 leather armour of the Devil's Team
                  | {Will+ Regen+} (160 gold, have 5).
  1699 | D:2      | Found Ryplenebb's Magic Scroll Boutique.
  1707 | D:2      | 1707 ||| SHOPLISTING 2 scrolls of teleportation (66 gold,
                  | have 37).
  1707 | D:2      | 1707 ||| SHOPLISTING scroll of acquirement (572 gold, have
                  | 37).
  1707 | D:2      | 1707 ||| BUYING scroll of identify (22 gold).
  1707 | D:2      | Bought a scroll of identify for 22 gold pieces
  1707 | D:2      | 1707 ||| SHOPLISTING scroll of teleportation (33 gold, have
                  | 15).
  1808 | D:2      | 1808 ||| UPGRADING to +0 cloak.
  1813 | D:2      | 1813 ||| READING scroll labelled POFIZI AMANYLY.
  1814 | D:2      | 1814 ||| DRINKING 2 bubbling silvery potions.
  1815 | D:2      | 1815 ||| READING 3 scrolls of identify.
  1815 | D:2      | 1815 ||| IDENTIFYING metallic white potion
  1816 | D:2      | 1816 ||| READING 2 scrolls of identify.
  1816 | D:2      | 1816 ||| IDENTIFYING cyan potion
  1817 | D:2      | 1817 ||| DROPPING potion of ambrosia.
  1818 | D:2      | 1818 ||| DROPPING potion of attraction.
  1876 | D:3      | Found Hyqaroif's Antique Armour Boutique.
  1876 | D:3      | Found Wuiff's Armour Boutique.
  1879 | D:3      | 1879 ||| SHOPLISTING glowing ring mail (175 gold, have 15).
  1879 | D:3      | 1879 ||| SHOPLISTING pair of runed boots (187 gold, have
                  | 15).
  1879 | D:3      | 1879 ||| SHOPLISTING ring mail (100 gold, have 15).
  1879 | D:3      | 1879 ||| SHOPLISTING runed leather armour (125 gold, have
                  | 15).
  1892 | D:3      | 1892 ||| SHOPLISTING +1 leather armour of Protective
                  | Custody {Str+5} (343 gold, have 15).
  1892 | D:3      | 1892 ||| SHOPLISTING +2 pair of gloves of Exclusion {rPois
                  | Str-3 Int+3} (359 gold, have 15).
  1909 | D:3      | Reached XP level 4. HP: 36/36 MP: 4/4
  2037 | D:3      | Found Hyutueneu's Assorted Antiques.
  2045 | D:3      | 2045 ||| SHOPLISTING glowing cloak (142 gold, have 42).
  2045 | D:3      | 2045 ||| BUYING scroll labelled VUR PUHIHEIGUY (19 gold).
  2045 | D:3      | Bought a scroll labelled VUR PUHIHEIGUY for 19 gold pieces
  2068 | D:3      | Reached skill level 5 in Ranged Weapons
  2150 | D:3      | Found Tuthass's Distillery.
  2150 | D:3      | Noticed a scorpion
  2157 | D:3      | Killed a scorpion
  2158 | D:3      | Reached skill level 3 in Fighting
  2158 | D:3      | Reached XP level 5. HP: 30/46 MP: 5/5
  2262 | D:3      | 2262 ||| BUYING potion of curing (30 gold).
  2262 | D:3      | Bought a potion of curing for 30 gold pieces
  2262 | D:3      | 2262 ||| SHOPLISTING potion of might (40 gold, have 9).
  2262 | D:3      | 2262 ||| SHOPLISTING potion of mutation (80 gold, have 9).
  2262 | D:3      | 2262 ||| SHOPLISTING potion of resistance (100 gold, have
                  | 9).
  2271 | D:3      | Found Jedean's Antique Armour Shoppe.
  2279 | D:3      | 2279 ||| SHOPLISTING fine ring mail (288 gold, have 9).
  2279 | D:3      | 2279 ||| SHOPLISTING pair of gloves (144 gold, have 9).
  2279 | D:3      | 2279 ||| SHOPLISTING pair of runed boots (240 gold, have
                  | 9).
  2602 | D:3      | 2602 ||| UPGRADING to +0 ring mail.
  2612 | D:3      | 2612 ||| DROPPING +0 leather armour.
  2613 | D:3      | 2613 ||| READING scroll labelled BOAPPO BOMAZO.
  2614 | D:3      | 2614 ||| READING scroll labelled VUR PUHIHEIGUY.
  2615 | D:3      | 2615 ||| READING 3 scrolls labelled BONGES ESEOS.
  2616 | D:3      | 2616 ||| READING 2 scrolls of identify.
  2616 | D:3      | 2616 ||| IDENTIFYING fizzy red potion
  2617 | D:3      | 2617 ||| DROPPING potion of lignification.
  2618 | D:3      | 2618 ||| DROPPING 2 scrolls of amnesia.
  2704 | D:4      | Reached skill level 1 in Armour
  2945 | D:4      | Identified the +3 short sword of the Hero {drain, rF- Str+3
                  | Stlth+}
  2963 | D:4      | Found an ancient bone altar of Kikubaaqudgha.
  2971 | D:4      | Reached skill level 6 in Ranged Weapons
  2971 | D:4      | Reached XP level 6. HP: 40/52 MP: 6/6
  3088 | D:4      | Found a transporter.
  3150 | D:4      | Found a transporter.
  3152 | D:4      | Noticed qw's ghost (amateur MiHs)
  3521 | D:4      | 3521 ||| DRINKING 2 green potions.
  3522 | D:4      | 3522 ||| READING 2 scrolls of identify.
  3522 | D:4      | 3522 ||| IDENTIFYING amethyst potion
  3523 | D:4      | 3523 ||| DROPPING potion of invisibility.
  3524 | D:4      | 3524 ||| DROPPING potion of brilliance.
  3573 | D:5      | Entered Level 5 of the Dungeon
  3581 | D:5      | 3581 ||| STAIRDANCE
  3586 | D:4      | Reached skill level 7 in Ranged Weapons
  3685 | D:5      | 3685 ||| STAIRDANCE
  3741 | D:5      | 3741 ||| FLEEEEING.
  3742 | D:5      | 3742 ||| FLEEEEING.
  3748 | D:5      | 3748 ||| STAIRDANCE
  3783 | D:5      | 3783 ||| STAIRDANCE
  3787 | D:4      | Reached skill level 3 in Dodging
  3809 | D:4      | Reached XP level 7. HP: 28/59 MP: 7/7
  4005 | D:5      | Reached skill level 8 in Ranged Weapons
  4103 | D:5      | HP: 14/61 [orc/+2 flail of protection (8)]
  4104 | D:5      | HP: 3/61 [orc/+0 flail (10)]
  4109 | D:5      | HP: 1/61 [orc/+0 short sword (2)]
  4310 | D:5      | Found Lugoat's Book Emporium.
  4379 | D:5      | Found a staircase to the Ecumenical Temple.
  4380 | D:5      | 4380 ||| PLANNING TEMPLE
  4380 | D:5      | 4380 ||| UPGRADING to +2 robe of resistance.
  4390 | D:5      | 4390 ||| DROPPING +0 ring mail.
  4391 | D:5      | 4391 ||| READING scroll labelled SUIV BEOKUO.
  4400 | Temple   | Entered the Ecumenical Temple
  4412 | Temple   | 4412 ||| PLANNING OKAWARU WORSHIP
  4522 | Temple   | Became a worshipper of Warmaster Okawaru
  4523 | Temple   | 4523 ||| PLANNING D:1-11
  4952 | D:6      | 4952 ||| DRINKING 4 potions of curing.
  4952 | D:6      | 4952 ||| (to cure confusion)
  4955 | D:6      | Reached XP level 8. HP: 67/68 MP: 8/8
  4997 | D:6      | 4997 ||| FLEEEEING.
  4998 | D:6      | 4998 ||| FLEEEEING.
  5004 | D:6      | 5004 ||| STAIRDANCE
  5061 | D:5      | 5061 ||| READING scroll labelled QUXANLY UCOJA.
  5204 | D:6      | 5204 ||| Stepping ~*~*~tactically~*~*~ (outnumbered).
  5206 | D:6      | 5206 ||| Stepping ~*~*~tactically~*~*~ (outnumbered).
  5213 | D:6      | Reached skill level 9 in Ranged Weapons
  5329 | D:6      | Reached * piety under Okawaru
  5451 | D:6      | 5451 ||| INVOKING Heroism.
  5637 | D:6      | Reached skill level 6 in Fighting
  5868 | D:6      | 5868 ||| READING 2 scrolls of identify.
  5868 | D:6      | 5868 ||| IDENTIFYING lumpy brown potion
  5910 | D:7      | 5910 ||| Stepping ~*~*~tactically~*~*~ (outnumbered).
  5918 | D:7      | 5918 ||| INVOKING Heroism.
  5929 | D:7      | Reached skill level 10 in Ranged Weapons
  6082 | D:7      | 6082 ||| SWAPPING to +0 orcbow.
  6083 | D:7      | 6083 ||| DROPPING +2 sling of flaming.
  6180 | D:7      | Reached skill level 1 in Invocations
  6184 | D:7      | 6184 ||| FLEEEEING.
  6372 | D:7      | 6372 ||| INVOKING Heroism.
  6377 | D:7      | Reached XP level 9. HP: 41/78 MP: 6/9
  6613 | D:7      | Reached skill level 3 in Invocations
  6710 | D:7      | 6710 ||| INVOKING Heroism.
  6726 | D:7      | 6726 ||| FLEEEEING.
  6727 | D:7      | 6727 ||| FLEEEEING.
  6728 | D:7      | 6728 ||| FLEEEEING.
  6729 | D:7      | 6729 ||| FLEEEEING.
  6847 | D:7      | Reached ** piety under Okawaru
  7161 | D:7      | 7161 ||| Stepping ~*~*~tactically~*~*~ (outnumbered).
  7163 | D:7      | 7163 ||| INVOKING Heroism.
  7173 | D:7      | 7173 ||| DRINKING 3 potions of curing.
  7173 | D:7      | 7173 ||| (to cure confusion)
  7207 | D:7      | 7207 ||| UPGRADING to +1 hat.
  7212 | D:7      | 7212 ||| DROPPING +1 hat.
  7213 | D:7      | 7213 ||| UPGRADING to amulet of regeneration.
  7248 | D:8      | Found a glowing golden altar of the Shining One.
  7248 | D:8      | Found a hazy altar of Hepliaklqana.
  7248 | D:8      | Found a radiant altar of Vehumet.
  7255 | D:8      | 7255 ||| STAIRDANCE
  7258 | D:7      | Reached skill level 11 in Ranged Weapons
  7280 | D:8      | 7280 ||| STAIRDANCE
  7305 | D:8      | Found an opulent altar of Gozag.
  7306 | D:8      | Found a bloodstained altar of Trog.
  7390 | D:8      | Reached skill level 6 in Dodging
  7391 | D:8      | 7391 ||| FLEEEEING.
  7392 | D:8      | 7392 ||| FLEEEEING.
  7470 | D:8      | 7470 ||| Stepping ~*~*~tactically~*~*~ (outnumbered).
  7472 | D:8      | 7472 ||| Stepping ~*~*~tactically~*~*~ (outnumbered).
  7478 | D:8      | 7478 ||| INVOKING Heroism.
  7678 | D:8      | Reached skill level 12 in Ranged Weapons
  7773 | D:8      | Found Zalag's General Store.
  7788 | D:8      | Found Olunaug's Specific Store.
  7792 | D:8      | 7792 ||| BUYING +2 pair of gloves of strength (279 gold).
  7792 | D:8      | Bought a +2 pair of gloves of strength for 279 gold pieces
  7792 | D:8      | 7792 ||| SHOPLISTING potion of curing (39 gold, have 17).
  8003 | D:8      | 8003 ||| UPGRADING to +2 pair of gloves.
  8008 | D:8      | 8008 ||| UPGRADING to +2 pair of gloves of strength.
  8018 | D:8      | 8018 ||| DROPPING +2 pair of gloves.
  8019 | D:8      | 8019 ||| UPGRADING to ring of willpower.
  8021 | D:8      | 8021 ||| UPGRADING to ring of poison resistance.
  8023 | D:8      | 8023 ||| DRINKING 2 sedimented purple potions.
  8024 | D:8      | 8024 ||| READING 3 scrolls of identify.
  8024 | D:8      | 8024 ||| IDENTIFYING clear potion
  8025 | D:8      | 8025 ||| READING 2 scrolls of identify.
  8025 | D:8      | 8025 ||| IDENTIFYING orange potion
  8026 | D:8      | 8026 ||| DROPPING potion of degeneration.
  8100 | D:9      | Found Xostiuhi's Book Emporium.
  8175 | D:9      | 8175 ||| INVOKING Heroism.
  8175 | D:9      | Noticed an elephant
  8177 | D:9      | Reached XP level 10. HP: 86/86 MP: 9/12
  8177 | D:9      | Noticed a death yak
  8199 | D:9      | Killed an elephant
  8210 | D:9      | Killed a death yak
  8210 | D:9      | Reached *** piety under Okawaru
  8214 | D:9      | 8214 ||| INVOKING Heroism.
  8258 | D:9      | Found a staircase to the Lair.
  8282 | D:9      | 8282 ||| READING 3 scrolls of enchant weapon.
  8282 | D:9      | 8282 ||| ENCHANTING +0 orcbow.
  8283 | D:9      | 8283 ||| READING 2 scrolls of enchant weapon.
  8283 | D:9      | 8283 ||| ENCHANTING +1 orcbow.
  8284 | D:9      | 8284 ||| READING scroll of enchant weapon.
  8284 | D:9      | 8284 ||| ENCHANTING +2 orcbow.
  8440 | D:9      | 8440 ||| Stepping ~*~*~tactically~*~*~ (outnumbered).
  8443 | D:9      | 8443 ||| Stepping ~*~*~tactically~*~*~ (outnumbered).
  8577 | D:9      | Found a staircase to the Orcish Mines.
  8721 | D:9      | Reached skill level 13 in Ranged Weapons
  8721 | D:9      | 8721 ||| INVOKING Heroism.
  8736 | D:9      | Reached skill level 9 in Fighting
  9422 | D:9      | 9422 ||| PLANNING LAIR
  9422 | D:9      | 9422 ||| READING scroll labelled OLOLID YRYLESE.
  9425 | D:9      | 9425 ||| READING scroll labelled BIOGHO DOOTA.
  9443 | Lair:1   | Entered Level 1 of the Lair of Beasts
  9443 | Lair:1   | Found a gate leading to a gauntlet.
  9444 | Lair:1   | 9444 ||| PLANNING GAUNTLET
  9449 | Gauntlet | Entered a Gauntlet
  9449 | Gauntlet | Found a transporter.
  9449 | Gauntlet | Found a transporter.
  9453 | Gauntlet | Found a transporter.
  9453 | Gauntlet | Found a transporter.
  9455 | Gauntlet | Noticed a spectral death yak
  9455 | Gauntlet | Noticed a spectral seven-headed hydra
  9457 | Gauntlet | Noticed a worldbinder
  9461 | Gauntlet | Noticed a death scarab
  9462 | Gauntlet | Noticed a reaper
  9463 | Gauntlet | Noticed a death scarab
  9467 | Gauntlet | Found a transporter.
  9469 | Gauntlet | Noticed a death drake
  9473 | Gauntlet | Found a transporter.
  9473 | Gauntlet | Found a transporter.
  9477 | Gauntlet | Found a transporter.
  9487 | Gauntlet | Noticed a hell beast
  9512 | Gauntlet | Found a transporter.
  9519 | Gauntlet | Found a transporter.
  9533 | Gauntlet | Noticed a death scarab
  9536 | Gauntlet | Noticed a spectral four-headed hydra
  9553 | Gauntlet | Found a transporter.
  9592 | Gauntlet | Found a transporter.
  9600 | Gauntlet | Noticed a sun demon
  9608 | Gauntlet | Found a transporter.
  9693 | Gauntlet | Found a transporter.
  9709 | Gauntlet | Found a transporter.
  9723 | Gauntlet | Found a transporter.
  9810 | Gauntlet | 9810 ||| INVOKING Heroism.
  9815 | Gauntlet | Killed a death scarab
  9835 | Gauntlet | Killed a spectral four-headed hydra
  9835 | Gauntlet | Reached **** piety under Okawaru
  9856 | Gauntlet | Identified the ring "Nuqigh" {Wiz rPois rC+ Str-3}
  9858 | Gauntlet | 9858 ||| UPGRADING to ring "Nuqigh" {Wiz rPois rC+ Str-3}.
  9876 | Gauntlet | 9876 ||| INVOKING Heroism.
  9883 | Gauntlet | Killed a sun demon
  9884 | Gauntlet | Reached XP level 11. HP: 31/97 MP: 10/13
  9958 | Gauntlet | Identified the ring of Elitism {Drain rPois Int+4 SInv}
  9960 | Gauntlet | 9960 ||| UPGRADING to ring of Elitism {Drain rPois Int+4
                  | SInv}.
  9962 | Gauntlet | 9962 ||| DROPPING ring of poison resistance.
  9991 | Gauntlet | 9991 ||| INVOKING Heroism.
  9992 | Gauntlet | 9992 ||| Stepping ~*~*~tactically~*~*~ (cloud).
  9998 | Gauntlet | Killed a death drake
  9998 | Gauntlet | HP: 22/96 [something (11)]
  9999 | Gauntlet | 9999 ||| DRINKING 2 potions of heal wounds.
 10000 | Gauntlet | 10000 ||| Stepping ~*~*~tactically~*~*~ (cloud).
 10005 | Gauntlet | 10005 ||| INVOKING Heroism.
 10006 | Gauntlet | Reached skill level 14 in Ranged Weapons
 10059 | Gauntlet | Identified the +0 cloak "Jigist" {Fly}
 10061 | Gauntlet | 10061 ||| UPGRADING to +0 cloak "Jigist" {Fly}.
 10071 | Gauntlet | 10071 ||| DROPPING +0 cloak.
 10114 | Gauntlet | Identified the ring of Saetunn {rF++ SInv}
 10114 | Gauntlet | Noticed a minotaur
 10115 | Gauntlet | 10115 ||| INVOKING Heroism.
 10130 | Gauntlet | Killed a minotaur
 10130 | Gauntlet | Reached ***** piety under Okawaru
 10262 | Gauntlet | 10262 ||| DROPPING +0 acid dragon scales.
 10299 | Lair:1   | 10299 ||| PLANNING LAIR
 10342 | Lair:1   | Reached skill level 6 in Invocations
 10370 | Lair:1   | 10370 ||| INVOKING Heroism.
 10427 | Lair:1   | 10427 ||| INVOKING Heroism.
 10488 | Lair:1   | 10488 ||| INVOKING Heroism.
 10550 | Lair:1   | 10550 ||| INVOKING Heroism.
 10557 | Lair:1   | Received a gift from Okawaru
 10603 | Lair:1   | 10603 ||| INVOKING Heroism.
 10979 | Lair:1   | 10979 ||| UPGRADING to amulet of faith.
 10989 | Lair:1   | 10989 ||| READING scroll labelled ACWAEN DAOKHUSHRA.
 11052 | Lair:2   | 11052 ||| INVOKING Heroism.
 11098 | Lair:2   | Noticed a death yak
 11099 | Lair:2   | 11099 ||| INVOKING Heroism.
 11099 | Lair:2   | Noticed a death yak
 11099 | Lair:2   | Noticed a death yak
 11100 | Lair:2   | 11100 ||| INVOKING Finesse.
 11103 | Lair:2   | Noticed a death yak
 11103 | Lair:2   | Noticed a death yak
 11112 | Lair:2   | Killed a death yak
 11117 | Lair:2   | Killed a death yak
 11133 | Lair:2   | Killed a death yak
 11134 | Lair:2   | Reached skill level 15 in Ranged Weapons
 11134 | Lair:2   | Reached XP level 12. HP: 50/106 MP: 9/17
 11140 | Lair:2   | Killed a death yak
 11151 | Lair:2   | Killed a death yak
 11369 | Lair:2   | Noticed Erica
 11370 | Lair:2   | 11370 ||| INVOKING Heroism.
 11371 | Lair:2   | 11371 ||| INVOKING Finesse.
 11379 | Lair:2   | Killed Erica
 11379 | Lair:2   | Received a gift from Okawaru
 11380 | Lair:2   | Reached skill level 9 in Dodging
 11380 | Lair:2   | Reached skill level 9 in Invocations
 11423 | Lair:2   | 11423 ||| SWAPPING to +1 longbow of freezing.
 11424 | Lair:2   | 11424 ||| DROPPING +3 orcbow.
 11453 | Lair:2   | Found a staircase to the Swamp.
 11503 | Lair:2   | 11503 ||| INVOKING Heroism.
 11564 | Lair:2   | 11564 ||| FLEEEEING.
 11565 | Lair:2   | 11565 ||| FLEEEEING.
 11566 | Lair:2   | 11566 ||| FLEEEEING.
 11567 | Lair:2   | 11567 ||| FLEEEEING.
 11568 | Lair:2   | 11568 ||| FLEEEEING.
 11569 | Lair:2   | 11569 ||| FLEEEEING.
 11587 | Lair:2   | You are sucked into a shaft and drop 2 floors!
 11658 | Lair:4   | 11658 ||| INVOKING Heroism.
 11801 | Lair:4   | 11801 ||| INVOKING Heroism.
 12062 | Lair:4   | 12062 ||| READING scroll labelled XAKHIH CUUMPA.
 12190 | Lair:2   | 12190 ||| INVOKING Heroism.
 12271 | Lair:2   | 12271 ||| INVOKING Heroism.
 12279 | Lair:2   | Reached skill level 16 in Ranged Weapons
 12393 | Lair:2   | 12393 ||| INVOKING Heroism.
 12625 | Lair:2   | 12625 ||| DROPPING scarf of harm.
 12626 | Lair:2   | 12626 ||| READING scroll labelled JUENEU AVIMA.
 12663 | Lair:3   | 12663 ||| INVOKING Heroism.
 12764 | Lair:3   | Found a hole to the Spider Nest.
 12773 | Lair:3   | Reached skill level 3 in Armour
 12856 | Lair:3   | Noticed a seven-headed hydra
 12857 | Lair:3   | 12857 ||| INVOKING Heroism.
 12860 | Lair:3   | Killed a seven-headed hydra
 13149 | Lair:3   | 13149 ||| INVOKING Heroism.
 13207 | Lair:3   | 13207 ||| INVOKING Heroism.
 13385 | Lair:4   | Noticed an eight-headed hydra
 13386 | Lair:4   | 13386 ||| INVOKING Heroism.
 13389 | Lair:4   | Killed an eight-headed hydra
 13389 | Lair:4   | Received a gift from Okawaru
 13435 | Lair:4   | 13435 ||| INVOKING Heroism.
 13440 | Lair:4   | Reached XP level 13. HP: 116/116 MP: 16/19
 13804 | Lair:4   | Reached skill level 17 in Ranged Weapons
 14155 | Lair:5   | Entered Level 5 of the Lair of Beasts
 14155 | Lair:5   | Noticed Josephine
 14159 | Lair:5   | 14159 ||| STAIRDANCE
 14208 | Lair:5   | 14208 ||| INVOKING Heroism.
 14219 | Lair:5   | Identified the -1 buckler "Qezun" {Dex+3} (Okawaru gifted
                  | it to you on level 5 of the Lair of Beasts)
 14219 | Lair:5   | Received a gift from Okawaru
 14219 | Lair:5   | HP: 28/116 [elephant (6)]
 14220 | Lair:5   | 14220 ||| READING 3 scrolls of teleportation.
 14221 | Lair:5   | 14221 ||| DRINKING potion of heal wounds.
 14225 | Lair:5   | 14225 ||| READING 2 scrolls of teleportation.
 14230 | Lair:5   | HP: 16/116 [elephant (13)]
 14233 | Lair:5   | 14233 ||| READING scroll of teleportation.
 14257 | Lair:5   | 14257 ||| INVOKING Heroism.
 14343 | Lair:5   | 14343 ||| INVOKING Heroism.
 14344 | Lair:5   | 14344 ||| INVOKING Finesse.
 14522 | Lair:5   | 14522 ||| INVOKING Heroism.
 14579 | Lair:5   | Killed Josephine
 14718 | Lair:5   | Found a viscous altar of Jiyva.
 14718 | Lair:5   | Found a staircase to the Slime Pits.
 14811 | Lair:5   | 14811 ||| INVOKING Heroism.
 14830 | Lair:5   | Reached skill level 18 in Ranged Weapons
 14954 | Lair:5   | 14954 ||| INVOKING Heroism.
 14987 | Lair:5   | Reached skill level 12 in Fighting
 15006 | Lair:5   | 15006 ||| INVOKING Heroism.
 15030 | Lair:5   | Found a large runed translucent door.
 15030 | Lair:5   | Found a large runed translucent door.
 15044 | Lair:5   | 15044 ||| INVOKING Heroism.
 15069 | Lair:5   | Noticed a fire dragon
 15072 | Lair:5   | 15072 ||| Stepping ~*~*~tactically~*~*~ (outnumbered).
 15075 | Lair:5   | 15075 ||| Stepping ~*~*~tactically~*~*~ (outnumbered).
 15084 | Lair:5   | 15084 ||| Stepping ~*~*~tactically~*~*~ (outnumbered).
 15085 | Lair:5   | 15085 ||| INVOKING Heroism.
 15102 | Lair:5   | 15102 ||| Stepping ~*~*~tactically~*~*~ (outnumbered).
 15653 | Lair:5   | 15653 ||| PLANNING D:1-11
 15653 | Lair:5   | 15653 ||| DROPPING amulet of regeneration.
 15840 | D:10     | Entered Level 10 of the Dungeon
 15845 | D:10     | 15845 ||| STAIRDANCE
 15849 | D:9      | 15849 ||| INVOKING Heroism.
 16028 | D:10     | Found a blossoming altar of Fedhas.
 16046 | D:10     | Received a gift from Okawaru
 16092 | D:10     | 16092 ||| INVOKING Heroism.
 16502 | D:10     | 16502 ||| DROPPING ring of willpower.
 16503 | D:10     | 16503 ||| DROPPING ring of ice.
 16504 | D:10     | 16504 ||| DROPPING +6 ring of strength.
 16505 | D:10     | 16505 ||| READING scroll labelled ASEZXOKLEN.
 16505 | D:10     | Identified a scroll of acquirement
 16505 | D:10     | 16505 ||| ACQUIRING 548 gold pieces
 16505 | D:10     | Acquired 548 gold pieces
 16507 | D:10     | 16507 ||| READING scroll labelled BOARAACION.
 16508 | D:10     | 16508 ||| DRINKING 2 fizzy brown potions.
 16508 | D:10     | Gained mutation: You have an increased reservoir of magic.
                  | (+10% MP) [potion of mutation]
 16508 | D:10     | Gained mutation: Your mind is acute. (Int +4, Str/Dex -1)
                  | [potion of mutation]
 16508 | D:10     | Gained mutation: You are weak. (Str -2) [potion of
                  | mutation]
 16547 | D:11     | 16547 ||| STAIRDANCE
 16612 | D:11     | 16612 ||| STAIRDANCE
 16614 | D:10     | 16614 ||| INVOKING Heroism.
 16775 | D:11     | Noticed Fannar
 16797 | D:11     | Killed Fannar
 16798 | D:11     | Reached XP level 14. HP: 116/126 MP: 22/22
 16876 | D:11     | Reached skill level 19 in Ranged Weapons
 17024 | D:11     | 17024 ||| READING scroll of enchant weapon.
 17024 | D:11     | 17024 ||| ENCHANTING +1 longbow of freezing.
 17097 | D:11     | Found a portal to a secret trove of treasure.
 17109 | D:11     | Identified the +0 ring mail of Lagorph {-Tele rElec rN++
                  | Regen+}
 17132 | D:11     | 17132 ||| PLANNING D
 17497 | D:12     | 17497 ||| INVOKING Heroism.
 17498 | D:12     | 17498 ||| INVOKING Finesse.
 17506 | D:12     | Received a gift from Okawaru
 17742 | D:12     | 17742 ||| INVOKING Heroism.
 17760 | D:12     | Received a gift from Okawaru
 17812 | D:12     | 17812 ||| DROPPING +2 hand crossbow of flaming.
 17828 | D:12     | 17828 ||| INVOKING Heroism.
 17949 | D:12     | 17949 ||| INVOKING Heroism.
 17978 | D:12     | Noticed Gastronok
 17986 | D:12     | Killed Gastronok
 18075 | D:13     | 18075 ||| STAIRDANCE
 18145 | D:13     | 18145 ||| STAIRDANCE
 18147 | D:12     | 18147 ||| INVOKING Heroism.
 18267 | D:13     | 18267 ||| STAIRDANCE
 18371 | D:13     | 18371 ||| STAIRDANCE
 18431 | D:13     | 18431 ||| STAIRDANCE
 18548 | D:13     | 18548 ||| INVOKING Heroism.
 18611 | D:13     | 18611 ||| FLEEEEING.
 18612 | D:13     | 18612 ||| FLEEEEING.
 18613 | D:13     | 18613 ||| FLEEEEING.
 18614 | D:13     | 18614 ||| FLEEEEING.
 18615 | D:13     | 18615 ||| FLEEEEING.
 18616 | D:13     | 18616 ||| FLEEEEING.
 18617 | D:13     | 18617 ||| FLEEEEING.
 18618 | D:13     | 18618 ||| FLEEEEING.
 18621 | D:13     | 18621 ||| STAIRDANCE
 18699 | D:13     | 18699 ||| STAIRDANCE
 18872 | D:13     | Noticed Kirke
 18873 | D:13     | 18873 ||| INVOKING Heroism.
 18874 | D:13     | 18874 ||| INVOKING Finesse.
 18875 | D:13     | 18875 ||| INVOKING Finesse.
 18879 | D:13     | Reached skill level 20 in Ranged Weapons
 18896 | D:13     | Killed Kirke
 19023 | D:13     | 19023 ||| READING scroll of enchant weapon.
 19023 | D:13     | 19023 ||| ENCHANTING +2 longbow of freezing.
 19149 | D:13     | 19149 ||| INVOKING Heroism.
 19150 | D:13     | 19150 ||| INVOKING Finesse.
 19249 | D:13     | 19249 ||| INVOKING Heroism.
 19257 | D:13     | HP: 17/129 [tengu warrior/+1 war axe of holy wrath (17)]
 19258 | D:13     | 19258 ||| DRINKING potion of heal wounds.
 19545 | D:13     | Identified the +1 chain mail of Proximity {rF+} (Okawaru
                  | gifted it to you on level 13 of the Dungeon)
 19545 | D:13     | Received a gift from Okawaru
 19594 | D:13     | 19594 ||| FLEEEEING.
 19620 | D:13     | 19620 ||| FLEEEEING.
 19621 | D:13     | 19621 ||| FLEEEEING.
 19622 | D:13     | 19622 ||| FLEEEEING.
 19623 | D:13     | 19623 ||| FLEEEEING.
 19624 | D:13     | 19624 ||| FLEEEEING.
 19625 | D:13     | 19625 ||| FLEEEEING.
 19626 | D:13     | 19626 ||| FLEEEEING.
 19627 | D:13     | 19627 ||| FLEEEEING.
 19983 | D:13     | 19983 ||| DROPPING +3 leather armour of willpower.
 19984 | D:13     | 19984 ||| DROPPING ring of positive energy.
 19985 | D:13     | 19985 ||| READING scroll labelled PAXIGI EGIU.
 20226 | D:14     | 20226 ||| READING 11 scrolls of identify.
 20226 | D:14     | 20226 ||| IDENTIFYING ruby potion
 20227 | D:14     | 20227 ||| DROPPING potion of berserk rage.
 20366 | D:14     | Reached skill level 12 in Dodging
 20382 | D:14     | 20382 ||| INVOKING Heroism.
 20546 | D:14     | Found a shadowy altar of Dithmenos.
 20667 | D:14     | Found a gate to the Vaults.
 20668 | D:14     | 20668 ||| Stepping ~*~*~tactically~*~*~ (outnumbered).
 20669 | D:14     | 20669 ||| Stepping ~*~*~tactically~*~*~ (outnumbered).
 20767 | D:14     | 20767 ||| INVOKING Heroism.
 20768 | D:14     | 20768 ||| INVOKING Finesse.
 21039 | D:14     | 21039 ||| READING 12 scrolls of identify.
 21039 | D:14     | 21039 ||| IDENTIFYING viscous inky potion
 21071 | D:15     | Entered Level 15 of the Dungeon
 21079 | D:15     | 21079 ||| STAIRDANCE
 21090 | D:14     | Reached skill level 15 in Fighting
 21160 | D:15     | 21160 ||| STAIRDANCE
 21165 | D:14     | Reached XP level 15. HP: 115/141 MP: 23/23
 21168 | D:14     | 21168 ||| INVOKING Heroism.
 21339 | D:15     | 21339 ||| INVOKING Heroism.
 21455 | D:15     | 21455 ||| READING scroll of enchant armour.
 21455 | D:15     | 21455 ||| ENCHANTING +1 hat.
 21773 | D:15     | 21773 ||| INVOKING Heroism.
 21817 | D:15     | Found a staircase to the Depths.
 21822 | D:15     | 21822 ||| INVOKING Heroism.
 21848 | D:15     | Identified the +7 chain mail of Mezcal {rF+ Str+4} (Okawaru
                  | gifted it to you on level 15 of the Dungeon)
 21848 | D:15     | Received a gift from Okawaru
 22026 | D:15     | 22026 ||| INVOKING Heroism.
 22333 | D:15     | 22333 ||| PLANNING ORC
 22333 | D:15     | 22333 ||| DROPPING ring of fire.
 22505 | Orc:1    | Entered Level 1 of the Orcish Mines
 22631 | Orc:1    | 22631 ||| Stepping ~*~*~tactically~*~*~ (outnumbered).
 22633 | Orc:1    | 22633 ||| INVOKING Heroism.
 22813 | Orc:2    | Entered Level 2 of the Orcish Mines
 22889 | Orc:1    | 22889 ||| Stepping ~*~*~tactically~*~*~ (outnumbered).
 22900 | Orc:1    | 22900 ||| INVOKING Heroism.
 23194 | Orc:2    | 23194 ||| INVOKING Heroism.
 23218 | Orc:2    | 23218 ||| INVOKING Finesse.
 23399 | Orc:2    | Found Ihagexab's Antique Weapon Boutique.
 23401 | Orc:2    | Found Taclu Doa's Antique Armour Shop.
 23470 | Orc:2    | 23470 ||| Stepping ~*~*~tactically~*~*~ (outnumbered).
 23484 | Orc:2    | 23484 ||| INVOKING Heroism.
 23545 | Orc:2    | 23545 ||| Stepping ~*~*~tactically~*~*~ (outnumbered).
 23605 | Orc:2    | 23605 ||| Stepping ~*~*~tactically~*~*~ (outnumbered).
 23620 | Orc:2    | 23620 ||| INVOKING Heroism.
 23635 | Orc:2    | Found Kaydwuef's Armour Shoppe.
 23738 | Orc:1    | 23738 ||| INVOKING Heroism.
 23887 | Orc:2    | 23887 ||| Stepping ~*~*~tactically~*~*~ (outnumbered).
 23893 | Orc:2    | 23893 ||| INVOKING Heroism.
 23925 | Orc:2    | Found Jyurgh's Magic Scroll Shoppe.
 23954 | Orc:2    | Found a staircase to the Elven Halls.
 24047 | Orc:2    | 24047 ||| Stepping ~*~*~tactically~*~*~ (outnumbered).
 24133 | Orc:2    | 24133 ||| PLANNING SWAMP:1-3
 24265 | Swamp:1  | Entered Level 1 of the Swamp
 24281 | Swamp:1  | 24281 ||| INVOKING Heroism.
 24581 | Swamp:1  | Found a transporter.
 24610 | Swamp:1  | Found a transporter.
 24695 | Swamp:1  | 24695 ||| INVOKING Heroism.
 24702 | Swamp:1  | Received a gift from Okawaru
 24718 | Swamp:1  | 24718 ||| Stepping ~*~*~tactically~*~*~ (outnumbered).
 24721 | Swamp:1  | 24721 ||| Stepping ~*~*~tactically~*~*~ (outnumbered).
 24918 | Swamp:1  | 24918 ||| INVOKING Heroism.
 24962 | Swamp:1  | 24962 ||| INVOKING Heroism.
 24991 | Swamp:1  | Noticed a fenstrider witch
 24994 | Swamp:1  | Killed a fenstrider witch
 25274 | Swamp:2  | Noticed a fenstrider witch
 25275 | Swamp:2  | 25275 ||| INVOKING Heroism.
 25281 | Swamp:2  | Killed a fenstrider witch
 25311 | Swamp:2  | Reached skill level 15 in Dodging
 25329 | Swamp:2  | Received a gift from Okawaru
 25756 | Swamp:3  | 25756 ||| FLEEEEING.
 25770 | Swamp:3  | 25770 ||| FLEEEEING.
 25774 | Swamp:3  | 25774 ||| STAIRDANCE
 25857 | Swamp:3  | Reached XP level 16. HP: 155/155 MP: 24/24
 25866 | Swamp:3  | Noticed Louise
 25867 | Swamp:3  | 25867 ||| INVOKING Heroism.
 25873 | Abyss:2  | Cast into level 2 of the Abyss (Louise)
 25954 | Abyss:2  | Noticed a tentacled starspawn
 25965 | Abyss:2  | Killed a tentacled starspawn
 26106 | Abyss:2  | Noticed a profane servitor
 26119 | Abyss:2  | 26119 ||| INVOKING Heroism.
 26125 | Abyss:2  | HP: 33/149 [profane servitor/+2 whip (9)]
 26126 | Abyss:2  | 26126 ||| READING scroll of teleportation.
 26127 | Abyss:2  | 26127 ||| DRINKING potion of heal wounds.
 26131 | Abyss:2  | HP: 10/144 [profane servitor/+2 whip (17)]
 26132 | Abyss:2  | HP: 2/144 [profane servitor/+2 whip (7)]
 26132 | Abyss:2  | Slain by a profane servitor

Levels and vault maps discovered:
D:1:      dpeg_arrival_ratfight, layout_basic, corner_web_ring,
          minmay_pentomino_p2
D:2:      layout_basic, serial_shops, nicolae_shop_tiny_glass,
          nicolae_shop_crystal, shop, nicolae_shop_behind_doors,
          nicolae_shop_gibbet_a_chance, dreamdust_princess_corridor
D:3:      minmay_diamond_boxcup, layout_basic, serial_shops, shop, shop,
          nicolae_diamond_shop, shop, shop_fountains
D:4:      minmay_wonky_spiral, layout_basic, lemuel_round_altar,
          gammafunk_ghost_mausoleum, nicolae_elevator_lobby_plus
D:5:      layout_rooms, minmay_temple_entry_glassed_door, serial_shops, shop,
          water_boxes_lemuel
D:6:      layout_loops_ring
D:7:      layout_loops_corners, minmay_misc_feat_plants, the_hattery
D:8:      layout_basic, grunt_temple_overflow_open, nicolae_specific_store
D:9:      layout_layer_cave, david_lair_generic, orc_0_dummy, serial_shops,
          nicolae_shop_tiny_waterfront, minivault_19
D:10:     layout_loops_ring, mainiacjoe_overflow_brackets, serial_glass,
          glass_columns_a, glass_columns_a, glass_columns_a, glass_columns_c
D:11:     layout_rooms, nicolae_trove_entry_free_sample, st_stairs_9,
          uniq_fannar
D:12:     layout_small_grid, special_room [special_room_bee], uniq_gastronok
D:13:     layout_stronghold, uniq_kirke
D:14:     layout_basic, david_vaults_1, grunt_dithmenos_smoke_and_mirrors,
          grunt_decor_cap, chequers_serial_rivers_micro_b
D:15:     gammafunk_depths_entry_grave, layout_small_grid, serial_rivers,
          chequers_serial_rivers_room_b, chequers_serial_rivers_marsh,
          chequers_serial_rivers_micro_a, chequers_serial_rivers_room_b,
          chequers_serial_rivers_room_b, minivault_19, nrook_campfire
Temple:   regret_index_temple_waves
Lair:1:   layout_hall_layers, gauntlet_entry_generic, minivault_26
Lair:2:   layout_gridlike, swamp_mist, uniq_erica
Lair:3:   layout_hall_layers, spider_nest_entry_funnel_web,
          cheibrodos_lair_caveside_slide, serial_bayou_shore_b,
          serial_bayou_shore_a
Lair:4:   layout_layer_cave, chequers_serial_rivers_room_a
Lair:5:   cheibrodos_lair_end_hotspot, layout_misc_corridors,
          dpeg_slime_entry_enclosed, uniq_josephine
Swamp:1:  gammafunk_worm_tunnel, layout_basic_swamp,
          nicolae_swamp_feature_on_the_river_bank, infiniplex_staircase_pool
Swamp:2:  layout_basic_swamp, evilmike_swamp_ruin_rubble_2
Swamp:3:  layout_basic_swamp, serial_swamp_ruin, evilmike_swamp_ruin_house_4,
          evilmike_swamp_ruin_house_5, uniq_roxanne, uniq_louise, uniq_jorgrun
Orc:1:    layout_diamond_mine, rock_pile
Orc:2:    grunt_orc_community_town_hall, layout_caves,
          grunt_orc_community_big_house_2, grunt_orc_community_big_house_1,
          grunt_orc_community_house_3, grunt_orc_community_house_3,
          grunt_orc_community_house_1, grunt_orc_community_house_1
Abyss:2:  base: D:7, evilmike_abyss_exit_7

Skill      XL: |  1  2  3  4  5  6  7  8  9 10 11 12 13 14 15 |
---------------+----------------------------------------------+-----
Ranged Weapons | 3 4 5 6 7 8 10 12 13 15 16 18 20 | 20.0
Fighting       | 2 3 4 5 6 7 9 10 11 12 15 17 | 17.9
Armour         | 1 2 3 4 5 |  5.0
Dodging        | 3 4 5 6 8 9 11 12 15 | 15.0
Invocations    | 2 4 8 10 | 10.0
Spellcasting   | |  1.0
Hexes          | |  2.0

Action                     |  1- 3 |  4- 6 |  7- 9 | 10-12 | 13-15 | 16-18 || total
---------------------------+-------+-------+-------+-------+-------+-------++-------
   Fire: Sling             |    78 |   169 |   160 |       |       |       ||   407
         Orcbow            |       |       |   221 |   315 |       |       ||   536
         Longbow           |       |       |       |   189 |  1356 |    62 ||  1607
 Invoke: Heroism           |       |       |     7 |    27 |    40 |     2 ||    76
         Finesse           |       |       |       |     2 |     6 |       ||     8
    Use: Scroll            |     3 |     5 |     5 |     8 |    11 |     1 ||    33
         Potion            |     1 |     1 |     3 |     1 |     3 |     1 ||    10
 Armour: Robe              |     1 |       |    25 |    64 |    95 |    11 ||   196
         Leather armour    |     3 |    16 |       |       |       |       ||    19
         Ring mail         |       |    24 |     7 |       |       |       ||    31
  Dodge: Dodged            |    19 |    35 |   148 |   281 |   549 |    50 ||  1082

Table legend:
 A = Non-vault XP
 B = Vault XP
 C = Vault XP percentage of total XP
 D = Non-vault monster count
 E = Vault monster count
 F = Vault count percentage of total count
                 A         B        C        D         E       F
            +---------+---------+-------+---------+---------+-------
      Total |  120321 |   38822 |  24.4 |     570 |     178 |  23.8
            +---------+---------+-------+---------+---------+-------
        D:1 |      20 |       7 |  25.9 |      13 |       6 |  31.6
        D:2 |      61 |       0 |   0.0 |      16 |       0 |   0.0
        D:3 |     137 |      19 |  12.2 |      19 |       9 |  32.1
        D:4 |     440 |      19 |   4.1 |      29 |       4 |  12.1
        D:5 |     568 |       0 |   0.0 |      22 |       0 |   0.0
        D:6 |     691 |       0 |   0.0 |      16 |       0 |   0.0
        D:7 |    1899 |     211 |  10.0 |      42 |       1 |   2.3
        D:8 |    1354 |       0 |   0.0 |      28 |       0 |   0.0
        D:9 |    2252 |    1551 |  40.8 |      20 |       4 |  16.7
       D:10 |    2510 |     565 |  18.4 |      12 |       1 |   7.7
       D:11 |    1983 |    1090 |  35.5 |      14 |       2 |  12.5
       D:12 |    7704 |    3635 |  32.1 |      28 |      21 |  42.9
       D:13 |    9854 |    2192 |  18.2 |      26 |       5 |  16.1
       D:14 |   11284 |    2079 |  15.6 |      26 |       3 |  10.3
       D:15 |    8281 |    5502 |  39.9 |      17 |       8 |  32.0
     Lair:1 |    4351 |       0 |   0.0 |      17 |       0 |   0.0
     Lair:2 |    9296 |     839 |   8.3 |      27 |       1 |   3.6
     Lair:3 |    3565 |    1001 |  21.9 |      11 |       5 |  31.2
     Lair:4 |    6686 |     209 |   3.0 |      27 |       1 |   3.6
     Lair:5 |   12239 |    7763 |  38.8 |      35 |      29 |  45.3
    Swamp:1 |   12152 |       0 |   0.0 |      34 |       0 |   0.0
    Swamp:2 |    7467 |       0 |   0.0 |      18 |       0 |   0.0
    Swamp:3 |    3456 |       0 |   0.0 |       5 |       0 |   0.0
      Orc:1 |    5736 |     857 |  13.0 |      41 |       3 |   6.8
      Orc:2 |    2808 |    5905 |  67.8 |      21 |      65 |  75.6
    Abyss:2 |    3527 |       0 |   0.0 |       6 |       0 |   0.0
   Gauntlet |       0 |    5378 | 100.0 |       0 |      10 | 100.0
            +---------+---------+-------+---------+---------+-------
